 Dungeon Crawl Stone Soup version 0.26.0-41-g79a4fc7684 (webtiles) character file.

Game seed: 10059478660876858050

1738 Gauvater the Firebug (level 9, -4/54 HPs)
             Began as an Octopode Fire Elementalist on Jan 26, 2021.
             Was a Follower of Vehumet.
             Slain by Duvessa
             ... wielding a +0 short sword
              (6 damage)
             ... on level 7 of the Dungeon.
             The game lasted 00:40:36 (8981 turns).

Gauvater the Firebug (Octopode Fire Elementalist)   Turns: 8981, Time: 00:40:36

Health: -4/54      AC:  1    Str:  7    XL:     9   Next: 5%
Magic:  12/16      EV: 14    Int: 20    God:    Vehumet [*.....]
Gold:   214        SH:  0    Dex: 13    Spells: 9/18 levels left

rFire    . . .     SeeInvis .   u - +0 spear (vorpal)
rCold    . . .     Faith    .   (no shield)
rNeg     . . .     Spirit   .   (helmet restricted)
rPois    +         Reflect  .   (no amulet)
rElec    .         Harm     .   i - ring of poison resistance
rCorr    +         Rampage  .   p - ring of wizardry
Will     .....                  y - ring of resist corrosion
Stlth    +++.......             (no ring)
HPRegen  0.18/turn              (no ring)
MPRegen  0.15/turn              (no ring)
                                (no ring)
                                (no ring)

@: about to teleport
A: almost no armour, stealthy swim, amphibious, 8 rings, constrict 8, camouflage
1, gelatinous body 1
a: Renounce Religion


You were on level 7 of the Dungeon.
You worshipped Vehumet.
Vehumet was aware of your devotion.
You visited 2 branches of the dungeon, and saw 8 of its levels.

You collected 521 gold pieces.
You spent 307 gold pieces at shops.

Inventory:

Hand Weapons
 u - a +0 vorpal spear (weapon)
 C - a +2 hand axe of freezing
Missiles
 j - 251 stones
 l - 100 arrows
 q - 45 bolts
 x - 18 sling bullets
 z - 11 poisoned darts (quivered)
 G - 4 silver javelins
Armour
 m - a +0 buckler
Magical Staves
 D - an uncursed staff of fire
Jewellery
 i - a ring of poison resistance (left tentacle)
 p - a ring of wizardry (right tentacle)
 y - a ring of resist corrosion (on tentacle)
Scrolls
 a - 3 scrolls of enchant weapon
 b - 6 scrolls of remove curse
 c - 2 scrolls of immolation {unknown}
 d - a scroll of magic mapping {unknown}
 f - a scroll of noise {unknown}
 k - 2 scrolls of enchant armour
 o - 2 scrolls of amnesia
 s - a scroll of teleportation
 B - a scroll of fog
Potions
 e - 2 potions of curing {unknown}
 g - a potion of heal wounds {unknown}
 n - a potion of invisibility {unknown}
 r - a potion of flight
 t - a potion of mutation
 v - 3 potions of lignification
 A - a potion of brilliance
 E - a potion of magic {unknown}
 F - a potion of resistance {unknown}


   Skills:
 + Level 2.2 Fighting
 - Level 1.3(2.2) Polearms
 * Level 2.8(3.0) Staves
 + Level 2.2 Throwing
 + Level 3.5 Dodging
 + Level 3.8 Stealth
 * Level 0.9 Shields
 + Level 0.1 Unarmed Combat
 + Level 5.1 Spellcasting
 + Level 4.9 Conjurations
 + Level 5.5 Fire Magic
 * Level 3.3 Evocations


You had 9 spell levels left.
You knew the following spells:

 Your Spells              Type           Power        Failure   Level
a - Foxfire               Conj/Fire      100%         1%          1
b - Conjure Flame         Conj/Fire      26%          1%          3
c - Fireball              Conj/Fire      13%          16%         5

Your spell library contained the following spells:

 Spells                   Type           Power        Failure   Level
 Magic Dart               Conj           100%         1%          1
 Corona                   Hex            5%           4%          1
 Freeze                   Ice            20%          4%          1
 Dazzling Flash           Conj/Hex       30%          4%          3
 Inner Flame              Hex/Fire       16%          4%          3
 Sticky Flame             Conj/Fire      26%          5%          4
 Ensorcelled Hibernation  Hex/Ice        10%          7%          2
 Confusing Touch          Hex            5%           14%         3
 Frozen Ramparts          Ice            10%          14%         3
 Ozocubu's Armour         Ice            5%           14%         3
 Tukima's Dance           Hex            5%           14%         3
 Hailstorm                Conj/Ice       15%          16%         4
 Summon Ice Beast         Ice/Summ       5%           41%         4


Dungeon Overview and Level Annotations

Branches:
Dungeon (7/15)             Temple (1/1) D:4

Altars:
Cheibriados
Fedhas
Gozag
Hepliaklqana
Kikubaaqudgha
Nemelex Xobeh
Qazlal
Trog
Uskayaw
Vehumet

Shops:
D:5 ?   D:6 [

Annotations:
D:3 3 runed translucent doors, kelmiir's ghost, amateur OpCj
D:7 Dowan; Duvessa


Innate Abilities, Weirdness & Mutations

You cannot wear most types of armour.
You are very stealthy in the water. (Stealth+)
You are amphibious.
You can wear up to eight rings at the same time.
You can use your tentacles to constrict eight enemies at once.
Your skin changes colour to match your surroundings (Stealth+).
Your rubbery body absorbs attacks. (AC +1, EV +1)


Message History

Duvessa is severely wounded.
You constrict Duvessa, but do no damage.
Duvessa hits you with a +0 short sword! Duvessa misses you.
You hit Duvessa but do no damage.
Duvessa is severely wounded.
You constrict Duvessa. Duvessa hits you with a +0 short sword!
You hit Duvessa.
Duvessa is severely wounded.
You constrict Duvessa. Duvessa hits you with a +0 short sword.
Duvessa hits you with a +0 short sword!
* * * LOW HITPOINT WARNING * * *
You release your grip on Duvessa.
Duvessa rages.
Duvessa hits you with a +0 short sword.
* * * LOW HITPOINT WARNING * * *
Okay, then.
Okay, then.
As you read the scroll of teleportation, it crumbles to dust.
You feel strangely unstable. Duvessa hits you with a +0 short sword.
You die...

#####..#.## #
#.........# ##.#
#.###.##..# .... #.#
#.##..# .#.. #.#
#.##..#######.### #.#
#.##.......[..#
#.###.###)#######.#
#.##..# #)# .#
#.##@####.#######.##
#.##e##...).)..#.#.##
#.##.##.#.####.......
#.##.##.#.# ##.....#
#.##ยง##.#.# #......#
#.........# #<.....#
#######..## #.#...##
#..#####.##.##
#.......#...#


You could see Duvessa (berserk).

Vanquished Creatures
  An orc warrior (D:7)
  An ice beast (D:6)
  A black bear (D:7)
  2 ogres (D:5)
  2 sky beasts (D:6)
  A centaur (D:6)
  3 bullfrogs
  A scorpion (D:7)
  2 hounds
  An orc priest (D:7)
  2 bullfrog skeletons
  2 centaur skeletons
  An iguana (D:4)
  Natasha (thrice) (D:4)
  An orc wizard (D:5)
  4 worker ants
  A worker ant zombie (D:5)
  11 adders
  8 gnolls
  4 ufetubi
  An ooze (D:4)
  A worm (D:2)
  5 dart slugs
  2 leopard geckos
  23 orcs
  2 ball pythons
  8 bats
  7 giant cockroaches
  6 goblins
  13 hobgoblins
  3 jackals (D:5)
  5 quokkas
  10 frilled lizards
  4 kobolds
  6 rats
148 creatures vanquished.

Vanquished Creatures (others)
  444 foxfires
  4 fungi (D:4)
  A plant (D:4)
449 creatures vanquished.

Grand Total: 597 creatures vanquished

Notes
Turn   | Place    | Note
-------+----------+-------------------------------------------
     0 | D:1      | Gauvater the Octopode Fire Elementalist began the quest for
                  | the Orb.
     0 | D:1      | Reached XP level 1. HP: 11/11 MP: 3/3
   303 | D:1      | Reached XP level 2. HP: 7/17 MP: 0/5
   943 | D:1      | Reached XP level 3. HP: 21/21 MP: 4/6
  1825 | D:2      | Reached XP level 4. HP: 24/27 MP: 4/7
  2849 | D:3      | HP: 1/27 [orc/+0 club (3)]
  3304 | D:3      | Found a runed translucent gate.
  3305 | D:3      | Found a runed translucent gate.
  3305 | D:3      | Found a runed translucent gate.
  3356 | D:3      | Noticed kelmiir's ghost (amateur OpCj)
  3944 | D:4      | Reached XP level 5. HP: 22/31 MP: 5/9
  4033 | D:4      | Found a blossoming altar of Fedhas.
  4180 | D:4      | Found a staircase to the Ecumenical Temple.
  4187 | Temple   | Entered the Ecumenical Temple
  4213 | Temple   | Became a worshipper of Vehumet
  4263 | D:4      | Noticed Natasha
  4275 | D:4      | Killed Natasha
  4280 | D:4      | Reached XP level 6. HP: 27/36 MP: 3/10
  4378 | D:4      | Learned a level 3 spell: Conjure Flame
  4531 | D:4      | Noticed Natasha
  4536 | D:4      | Killed Natasha
  4601 | D:4      | Noticed Natasha
  4604 | D:4      | Killed Natasha
  4999 | D:5      | Entered Level 5 of the Dungeon
  5360 | D:5      | Found Fasur's Magic Scroll Emporium.
  5368 | D:5      | Bought a scroll of enchant weapon for 112 gold pieces
  5368 | D:5      | Bought a scroll of fog for 30 gold pieces
  5368 | D:5      | Bought a scroll of teleportation for 45 gold pieces
  5368 | D:5      | Bought a scroll of identify for 30 gold pieces
  5368 | D:5      | Bought a scroll of remove curse for 45 gold pieces
  5375 | D:5      | Bought a scroll of teleportation for 45 gold pieces
  5828 | D:5      | Reached XP level 7. HP: 41/41 MP: 1/12
  6759 | D:5      | Reached skill level 1 in Polearms
  6759 | D:5      | Reached skill level 1 in Throwing
  6829 | D:5      | Reached skill level 1 in Fighting
  7074 | D:6      | Found Duaneizi's Armour Shoppe.
  7200 | D:6      | Reached skill level 1 in Staves
  7200 | D:6      | Reached skill level 5 in Fire Magic
  7496 | D:6      | Reached XP level 8. HP: 49/49 MP: 9/14
  7585 | D:6      | Found a sparkling altar of Nemelex Xobeh.
  7846 | D:6      | Reached skill level 1 in Evocations
  8141 | D:6      | Learned a level 5 spell: Fireball
  8600 | D:7      | Reached * piety under Vehumet
  8600 | D:7      | Offered knowledge of Magic Dart by Vehumet.
  8665 | D:7      | Reached skill level 5 in Spellcasting
  8786 | D:7      | Noticed Dowan
  8868 | D:7      | Reached XP level 9. HP: 45/54 MP: 7/16
  8959 | D:7      | Noticed Duvessa
  8980 | D:7      | HP: 2/54 [Duvessa/+0 short sword (5)]
  8981 | D:7      | Slain by Duvessa

Illustrated notes

Levels and vault maps discovered:
D:1:      dpeg_arrival_oval, layout_loops_ring, serial_bayou_crossing
D:2:      layout_basic, minivault_11
D:3:      layout_basic, gammafunk_ghost_icy
D:4:      layout_basic, minmay_temple_entry_arrows, fedhas_altar_3, uniq_natasha
D:5:      layout_gridville, serial_shops, nicolae_shop_crystal, chequers_jeans
D:6:      layout_basic, serial_shops, nicolae_shop_statue_plus, nrook_campfire,
          chequers_serial_rivers_room_a, nemelex_lonely_heart_becter
D:7:      layout_loops_ring, uniq_duvessa
Temple:   regret_index_temple_sigil_plot

Skill      XL: |  1  2  3  4  5  6  7  8  9 |
---------------+----------------------------+-----
Stealth        | 3 |  3.8
Conjurations   | 2 3 4 |  4.9
Fire Magic     | 4 5 |  5.5
Spellcasting   | 3 4 5 |  5.1
Dodging        | 3 |  3.5
Polearms       | 1 |  1.3
Throwing       | 1 2 |  2.2
Fighting       | 1 2 |  2.2
Staves         | 1 2 |  2.8
Evocations     | 2 3 |  3.3
Shields        | |  0.9
Unarmed Combat | |  0.1

Action                   |  1- 3 |  4- 6 |  7- 9 || total
-------------------------+-------+-------+-------++-------
Melee: Unarmed           |    21 |     3 |       ||    24
       Constrict         |     5 |    18 |    14 ||    37
       Tentacles         |     4 |     8 |    12 ||    24
       Spear             |       |    54 |    78 ||   132
       Staff             |       |       |    36 ||    36
Throw: Dart              |       |     9 |    17 ||    26
 Cast: Foxfire           |    56 |   109 |   101 ||   266
       Conjure Flame     |       |     5 |    10 ||    15
  Use: Scroll            |       |     7 |     4 ||    11
       Potion            |       |       |     1 ||     1
Armor: Skin              |     3 |     7 |     2 ||    12
Dodge: Dodged            |    23 |    39 |    40 ||   102
